 Dungeon Crawl Stone Soup version 0.29.0-4-gdea44cf6ec (webtiles) character file.

Game seed: 9748666687706279809

15094 qw the Cleaver (level 12, 0/72 HPs)
             Began as a Tengu Warper on Aug 28, 2022.
             Was a High Priest of Okawaru.
             Slain by a basilisk (6 damage)
             ... while petrified by a basilisk
             ... on level 1 of the Lair of Beasts.
             The game lasted 00:01:28 (13988 turns).

qw the Cleaver (Tengu Warper)                      Turns: 13988, Time: 00:01:29

Health: 0/72       AC: 22    Str: 16    XL:     12   Next: 23%
Magic:  18/18      EV:  2    Int: 14    God:    Okawaru [*****.]
Gold:   482        SH:  0    Dex: 14    Spells: 15/15 levels left

rFire   . . .      SeeInvis +   Y - +3 war axe (elec)
rCold   . . .      Faith    .   d - +0 tower shield
rNeg    + + +      Spirit   .   g - +1 plate armour
rPois   inf        Reflect  +   (helmet restricted)
rElec   .          Harm     .   r - +2 cloak
rCorr   .          Rampage  .   t - +2 pair of gloves {Stlth+}
Will    .....                   (boots unavailable)
Stlth   ..........              u - amulet of reflection
HPRegen 0.22/turn               c - +4 ring of slaying {mikee}
MPRegen 0.16/turn               v - ring of see invisible

@: petrified, heroic, flying quickly and evasively, quick
A: beak, talons 3, nimble flight
a: Renounce Religion, Heroism, Finesse, Duel


You were on level 1 of the Lair of Beasts.
You worshipped Okawaru.
Okawaru was extremely pleased with you.
You visited 3 branches of the dungeon, and saw 13 of its levels.
You also visited: Sewer and Ossuary.

You collected 706 gold pieces.
You spent 224 gold pieces at shops.


Innate Abilities, Weirdness & Mutations

You have a beak for a mouth.
You have claws for feet.
Your magical nature lets you fly swiftly and evasively.


   Skills:
 - Level 7.3(12.3) Fighting
 - Level 13.0(18.0) Axes
 - Level 3.1(8.1) Throwing
 - Level 5.4(10.4) Armour
 - Level 3.0(8.0) Dodging
 + Level 9.2(14.2) Shields
 - Level 2.0 Spellcasting
 - Level 2.4 Translocations
 + Level 7.8 Invocations


You had 15 spell levels left.
You didn't know any spells.
Your spell library contained the following spells:

 Spells                   Type           Power      Damage    Failure   Level
 Blink                    Tloc           16%        N/A       100%        2
 Gell's Gravitas          Tloc           8%         N/A       100%        3
 Lesser Beckoning         Tloc           8%         N/A       100%        3
 Teleport Other           Tloc           8%         N/A       100%        3
 Manifold Assault         Tloc           8%         N/A       100%        5

Inventory:

Hand Weapons
 s - a +0 flail
 Y - a +3 war axe of electrocution (weapon)
Missiles
 a - 5 boomerangs
 i - 2 javelins (quivered)
Armour
 d - a +0 tower shield (worn)
 g - a +1 plate armour (worn)
 m - the +3 hat of Pondering {ponderous, Will+ MP+10 Int+5}
   (You took it off Gastronok on level 8 of the Dungeon)

   Int:       It affects your intelligence (+5).
   MP:        It affects your magic capacity (+10).
   Will:      It increases your willpower.
 r - a +2 cloak (worn)
 t - a +2 pair of gloves of stealth (worn)
Jewellery
 c - a +4 ring of slaying (left hand) {mikee}
 f - a ring of protection from fire
 p - a ring of fire
 q - a ring of ice
 u - an amulet of reflection (around neck)
 v - a ring of see invisible (right hand)
Scrolls
 e - a scroll of identify
Potions
 b - 6 potions of curing
 h - 6 potions of haste
 j - a potion of mutation
 l - a potion of cancellation {unknown}
 n - a potion of experience {unknown}
 o - a potion of might {unknown}
 w - a potion of magic

Dungeon Overview and Level Annotations

Branches:
Dungeon (11/15)            Temple (1/1) D:6            Lair (1/5) D:11
    Orc (0/2) D:10          Sewer (visited)         Ossuary (visited)

Altars:
Ashenzari
Cheibriados
Dithmenos
Elyvilon
Fedhas
Gozag
Hepliaklqana
Kikubaaqudgha
Makhleb
Nemelex Xobeh
Okawaru
Qazlal
Ru
Sif Muna
Trog
Uskayaw
Vehumet
Wu Jian
Xom
Yredelemnul
Zin
The Shining One
Jiyva

Shops:
D:1 :   D:5 [


Message History

You are slowing down.
The electric eel shoots out a bolt of lightning at you!
The bolt of electricity hits you! You block the basilisk's attack.
The basilisk bites you but does no damage.
Your limbs are stiffening.
You slash the basilisk!
The basilisk is moderately wounded.
You closely miss the electric eel. You barely miss the electric eel.
The basilisk bites you but does no damage.
The electric eel shoots out a bolt of lightning at you!
The bolt of electricity hits you!
You have turned to stone.
The basilisk bites you but does no damage.
The electric eel shoots out a bolt of lightning at you!
The bolt of electricity hits you.
The electric eel shoots out a bolt of lightning at you!
The bolt of electricity hits you!
The basilisk bites you but does no damage.
The electric eel shoots out a bolt of lightning at you!
The bolt of electricity hits you.
The electric eel shoots out a bolt of lightning at you!
The bolt of electricity hits you.
The electric eel shoots out a bolt of lightning at you!
The bolt of electricity hits you! The basilisk bites you!
The electric eel shoots out a bolt of lightning at you!
The bolt of electricity hits you!
The electric eel shoots out a bolt of lightning at you!
The bolt of electricity misses you.
The basilisk bites you but does no damage.
The electric eel shoots out a bolt of lightning at you!
The bolt of electricity hits you! The basilisk bites you!
The basilisk bites you.
The electric eel shoots out a bolt of lightning at you!
The bolt of electricity hits you!
The basilisk bites you but does no damage.
The electric eel shoots out a bolt of lightning at you!
The bolt of electricity hits you!
The basilisk bites you but does no damage.
The basilisk bites you!
You die...

.................##
............#.....###
...........##.......###
..................#...#
......................##
..... ..............#
..... .............##
..... ..............#
..... .....~S@......P
..... ....~~lS......#
..... ...~~~.~~~....#
..... ...~~.>~~.....#
..... ...~~(.$~.....#
....~~.?~.....#
.....~~~~.....P
......~.......#


You could see a basilisk and 2 electric eels.

Vanquished Creatures
  Gastronok (D:8)
  2 boulder beetles (D:11)
  2 two-headed ogres
  A tengu warrior (D:11)
  3 oklob plants (D:11)
  2 cyclopes
  A manticore (D:11)
  Psyche (D:8)
  A gargoyle (D:11)
  A tengu conjurer (D:11)
  2 hornets
  2 trolls
  Prince Ribbit (D:8)
  Sigmund (D:6)
  A wyvern (D:9)
  3 yaks (D:9)
  3 wraiths
  Eustachio (D:4)
  2 acid dragons (D:11)
  3 orc warriors
  An ice beast (D:7)
  A black bear (D:4)
  A sky beast (D:7)
  2 centaurs (D:9)
  2 phantoms (D:6)
  3 kobold brigands
  2 elf zombies (Ossuary)
  A necrophage (D:6)
  4 gnoll sergeants
  6 bullfrogs
  4 scorpions
  22 wights
  10 killer bees
  2 electric eels (Lair:1)
  3 howler monkeys
  3 centaur zombies (Ossuary)
  5 crimson imps (D:7)
  6 jellies
  A hound (D:7)
  4 human zombies (Ossuary)
  3 orc priests
  A gnoll bouda (D:8)
  12 orc wizards
  2 hound zombies (Ossuary)
  3 mummies (Ossuary)
  28 gnolls
  5 adders
  A river rat (D:3)
  2 shadow imps
  5 white imps
  An ufetubus (D:7)
  4 adder zombies (Ossuary)
  A worm (D:3)
  33 orcs
  11 ball pythons
  5 bats
  8 endoplasms
  7 giant cockroaches
  3 gnoll zombies (Ossuary)
  4 goblins
  6 hobgoblins
  2 jackals (D:1)
  30 kobolds
  3 quokkas
  3 frilled lizards
  2 goblin zombies
  3 hobgoblin zombies (Ossuary)
  5 jackal zombies (Ossuary)
  6 kobold zombies (Ossuary)
  2 quokka zombies (Ossuary)
  4 rats
  3 rat zombies
325 creatures vanquished.

Vanquished Creatures (others)
  A fungus (Lair:1)
  11 plants
12 creatures vanquished.

Grand Total: 337 creatures vanquished

Notes
Turn   | Place    | Note
-------+----------+-------------------------------------------
     0 | D:1      | qw the Tengu Warper began the quest for the Orb.
     0 | D:1      | Reached XP level 1. HP: 12/12 MP: 4/4
     0 | D:1      | 0 ||| qw: Version: 0.1-a-89-g26bdef1
     0 | D:1      | 0 ||| qw: Game counter: 2350
     0 | D:1      | 0 ||| qw: Always use a shield: true
     0 | D:1      | 0 ||| qw: God list: Okawaru
     0 | D:1      | 0 ||| qw: Allow faded altars: false
     0 | D:1      | 0 ||| qw: Do Orc after D:15 true
     0 | D:1      | 0 ||| qw: Do second Lair branch before Depths: true
     0 | D:1      | 0 ||| qw: Lair rune preference: random
     0 | D:1      | 0 ||| qw: Plans: Normal
     0 | D:1      | 0 ||| PLANNING D:1-11
    16 | D:1      | 16 ||| Stepping ~*~*~tactically~*~*~ (stealth).
    26 | D:1      | Found Taic's Book Boutique.
   442 | D:1      | Reached XP level 2. HP: 17/17 MP: 6/6
   460 | D:1      | 460 ||| Stepping ~*~*~tactically~*~*~ (stealth).
   466 | D:1      | Reached skill level 3 in Axes
   472 | D:1      | 472 ||| Stepping ~*~*~tactically~*~*~ (stealth).
   475 | D:1      | 475 ||| Stepping ~*~*~tactically~*~*~ (stealth).
   476 | D:1      | 476 ||| Stepping ~*~*~tactically~*~*~ (stealth).
   477 | D:1      | 477 ||| Stepping ~*~*~tactically~*~*~ (stealth).
   479 | D:1      | 479 ||| Stepping ~*~*~tactically~*~*~ (stealth).
   480 | D:1      | 480 ||| Stepping ~*~*~tactically~*~*~ (stealth).
   482 | D:1      | 482 ||| Stepping ~*~*~tactically~*~*~ (stealth).
   484 | D:1      | 484 ||| Stepping ~*~*~tactically~*~*~ (stealth).
   486 | D:1      | 486 ||| Stepping ~*~*~tactically~*~*~ (stealth).
   497 | D:1      | 497 ||| Stepping ~*~*~tactically~*~*~ (stealth).
   818 | D:1      | 818 ||| UPGRADING to +0 ring mail.
   828 | D:1      | 828 ||| DROPPING +0 leather armour.
   829 | D:1      | 829 ||| DROPPING ring of magical power.
   830 | D:1      | 830 ||| READING scroll labelled KIULEIMOMA.
   831 | D:1      | 831 ||| READING scroll labelled INLIKUTHRIS.
   832 | D:1      | 832 ||| READING scroll labelled GOINTU HOCUPN.
   837 | D:1      | 837 ||| READING scroll labelled YSSIOF XEJY.
   838 | D:1      | 838 ||| DRINKING 2 bubbling brown potions.
   867 | D:1      | 867 ||| DROPPING scroll of blinking.
   868 | D:1      | 868 ||| DROPPING potion of lignification.
   958 | D:2      | 958 ||| Stepping ~*~*~tactically~*~*~ (stealth).
   962 | D:2      | Reached XP level 3. HP: 21/21 MP: 7/7
  1088 | D:2      | 1088 ||| Stepping ~*~*~tactically~*~*~ (stealth).
  1131 | D:2      | 1131 ||| Stepping ~*~*~tactically~*~*~ (stealth).
  1132 | D:2      | 1132 ||| Stepping ~*~*~tactically~*~*~ (stealth).
  1137 | D:2      | 1137 ||| Stepping ~*~*~tactically~*~*~ (stealth).
  1138 | D:2      | 1138 ||| Stepping ~*~*~tactically~*~*~ (stealth).
  1144 | D:2      | Reached skill level 4 in Axes
  1384 | D:2      | Found a faded altar of an unknown god.
  1740 | D:2      | 1740 ||| UPGRADING to +0 scale mail.
  1750 | D:2      | 1750 ||| DROPPING +0 ring mail.
  1751 | D:2      | 1751 ||| UPGRADING to +0 chain mail.
  1761 | D:2      | 1761 ||| DROPPING +0 scale mail.
  1762 | D:2      | 1762 ||| UPGRADING to +4 ring of slaying {mikee}.
  1763 | D:2      | 1763 ||| READING scroll labelled CESOSO RAHEALL.
  1764 | D:2      | 1764 ||| DRINKING 2 ruby potions.
  1765 | D:2      | 1765 ||| READING 2 scrolls of identify.
  1765 | D:2      | 1765 ||| IDENTIFYING fizzy clear potion
  1766 | D:2      | 1766 ||| DROPPING potion of flight.
  1778 | D:3      | 1778 ||| PLANNING SEWER
  1822 | D:3      | Found a glowing drain.
  1823 | D:3      | 1823 ||| DRINKING 2 green potions.
  1824 | D:3      | 1824 ||| DROPPING potion of degeneration.
  1843 | D:3      | Reached XP level 4. HP: 26/26 MP: 8/8
  1850 | Sewer    | Entered a sewer
  1865 | Sewer    | 1865 ||| Stepping ~*~*~tactically~*~*~ (water).
  2005 | Sewer    | Noticed a kobold brigand
  2017 | Sewer    | Killed a kobold brigand
  2018 | Sewer    | Reached skill level 5 in Axes
  2018 | Sewer    | Gained mutation: Your magical nature lets you fly swiftly
                  | and evasively. [Tengu growth]
  2018 | Sewer    | Reached XP level 5. HP: 18/30 MP: 9/9
  2137 | Sewer    | 2137 ||| DROPPING +0 club.
  2263 | Sewer    | Reached skill level 6 in Axes
  2283 | Sewer    | Noticed a kobold brigand
  2291 | Sewer    | Killed a kobold brigand
  2292 | Sewer    | Reached XP level 6. HP: 22/35 MP: 10/10
  2420 | Sewer    | 2420 ||| READING scroll labelled ETUENWACEK.
  2421 | Sewer    | 2421 ||| DRINKING 2 murky brown potions.
  2422 | Sewer    | 2422 ||| DRINKING 5 gluggy clear potions.
  2423 | Sewer    | 2423 ||| DROPPING potion of invisibility.
  2424 | Sewer    | 2424 ||| Stepping randomly (stuck).
  2425 | Sewer    | 2425 ||| Stepping ~*~*~tactically~*~*~ (cloud).
  2615 | D:3      | 2615 ||| PLANNING D:1-11
  2770 | D:3      | 2770 ||| Stepping ~*~*~tactically~*~*~ (stealth).
  2771 | D:3      | 2771 ||| Stepping ~*~*~tactically~*~*~ (stealth).
  2971 | D:3      | Found a sacrificial altar of Ru.
  3071 | D:3      | 3071 ||| READING scroll labelled TEPRAL JUCUAPT.
  3072 | D:3      | 3072 ||| READING scroll labelled NELOXKI VOSK.
  3118 | D:4      | Found a white marble altar of Elyvilon.
  3128 | D:4      | Found a burning altar of Makhleb.
  3132 | D:4      | Noticed a black bear
  3134 | D:4      | 3134 ||| Stepping ~*~*~tactically~*~*~ (stealth).
  3140 | D:4      | Killed a black bear
  3156 | D:4      | Reached skill level 7 in Axes
  3163 | D:4      | 3163 ||| Stepping ~*~*~tactically~*~*~ (stealth).
  3164 | D:4      | 3164 ||| FLEEEEING.
  3301 | D:4      | Reached XP level 7. HP: 27/40 MP: 11/11
  3564 | D:4      | Reached skill level 3 in Fighting
  3882 | D:4      | Noticed Eustachio
  3903 | D:4      | Killed Eustachio
  3904 | D:4      | HP: 10/41 [poisoned by Eustachio]
  4294 | D:4      | 4294 ||| DRINKING 3 sapphire potions.
  4309 | D:5      | Entered Level 5 of the Dungeon
  4346 | D:5      | 4346 ||| DROPPING +0 whip.
  4347 | D:5      | 4347 ||| DROPPING +0 vorpal flail.
  4400 | D:5      | Reached skill level 8 in Axes
  4430 | D:5      | 4430 ||| DROPPING +0 flail of draining.
  5186 | D:5      | Reached skill level 9 in Axes
  5186 | D:5      | Reached XP level 8. HP: 46/46 MP: 12/12
  5196 | D:5      | Reached skill level 3 in Armour
  5219 | D:5      | Found Wiawna's Armour Emporium.
  5222 | D:5      | 5222 ||| BUYING +0 buckler (49 gold).
  5222 | D:5      | Bought a +0 buckler for 49 gold pieces
  5222 | D:5      | 5222 ||| BUYING +0 cloak (49 gold).
  5222 | D:5      | Bought a +0 cloak for 49 gold pieces
  5222 | D:5      | 5222 ||| SHOPLISTING +0 fire dragon scales (660 gold, have
                  | 177).
  5222 | D:5      | 5222 ||| SHOPLISTING +1 chain mail of cold resistance (181
                  | gold, have 177).
  5222 | D:5      | 5222 ||| BUYING +1 pair of gloves (126 gold).
  5222 | D:5      | Bought a +1 pair of gloves for 126 gold pieces
  5222 | D:5      | 5222 ||| SHOPLISTING +3 plate armour of poison resistance
                  | (462 gold, have 51).
  5382 | D:5      | 5382 ||| UPGRADING to +0 buckler.
  5387 | D:5      | 5387 ||| UPGRADING to +0 cloak.
  5392 | D:5      | 5392 ||| UPGRADING to +1 pair of gloves.
  5397 | D:5      | 5397 ||| READING 2 scrolls of identify.
  5397 | D:5      | 5397 ||| IDENTIFYING pink potion
  5398 | D:5      | 5398 ||| DROPPING potion of magic.
  5465 | D:4      | 5465 ||| READING scroll of teleportation.
  5607 | D:6      | Reached skill level 1 in Shields
  5767 | D:6      | 5767 ||| Stepping ~*~*~tactically~*~*~ (stealth).
  5815 | D:6      | Noticed a troll
  5825 | D:6      | Killed a troll
  5983 | D:6      | Reached skill level 10 in Axes
  6008 | D:6      | Noticed Sigmund
  6009 | D:6      | 6009 ||| Stepping ~*~*~tactically~*~*~ (hiding).
  6010 | D:6      | 6010 ||| Stepping ~*~*~tactically~*~*~ (hiding).
  6012 | D:6      | 6012 ||| Stepping ~*~*~tactically~*~*~ (hiding).
  6022 | D:6      | Killed Sigmund
  6149 | D:6      | Reached skill level 3 in Shields
  6152 | D:6      | Reached XP level 9. HP: 49/52 MP: 13/13
  6319 | D:6      | 6319 ||| Stepping ~*~*~tactically~*~*~ (stealth).
  6321 | D:6      | 6321 ||| Stepping ~*~*~tactically~*~*~ (hiding).
  6462 | D:6      | 6462 ||| Stepping ~*~*~tactically~*~*~ (hiding).
  6472 | D:6      | Found a staircase to the Ecumenical Temple.
  6473 | D:6      | 6473 ||| PLANNING TEMPLE
  6473 | D:6      | 6473 ||| DRINKING 2 orange potions.
  6474 | D:6      | 6474 ||| DROPPING potion of attraction.
  6484 | Temple   | Entered the Ecumenical Temple
  6578 | Temple   | Became a worshipper of Warmaster Okawaru
  6593 | Temple   | 6593 ||| PLANNING D:1-11
  6824 | D:7      | 6824 ||| PLANNING OSSUARY
  6867 | D:7      | Reached skill level 3 in Dodging
  6929 | D:7      | Found a sand-covered staircase.
  6950 | Ossuary  | Entered an ossuary
  7533 | Ossuary  | Reached skill level 11 in Axes
  7557 | Ossuary  | 7557 ||| READING scroll labelled JORUR MEOMN.
  7558 | Ossuary  | 7558 ||| READING scroll labelled QYRCHET BEVVISY.
  7559 | Ossuary  | 7559 ||| READING scroll labelled LIOSYPHU JOTE.
  7560 | Ossuary  | 7560 ||| READING scroll labelled YLUARI RIRO.
  7561 | Ossuary  | 7561 ||| DRINKING 2 fuming golden potions.
  7562 | Ossuary  | 7562 ||| DROPPING potion of brilliance.
  7573 | D:7      | 7573 ||| PLANNING D:1-11
  7586 | D:7      | Reached * piety under Okawaru
  7640 | D:7      | 7640 ||| Stepping ~*~*~tactically~*~*~ (hiding).
  7657 | D:7      | Reached skill level 1 in Invocations
  7720 | D:7      | 7720 ||| INVOKING Heroism.
  7822 | D:7      | 7822 ||| SWAPPING to +0 war axe.
  7823 | D:7      | 7823 ||| DROPPING +1 hand axe of protection.
  7931 | D:7      | Reached skill level 3 in Invocations
  8070 | D:7      | 8070 ||| Stepping ~*~*~tactically~*~*~ (stealth).
  8072 | D:7      | 8072 ||| Stepping ~*~*~tactically~*~*~ (hiding).
  8076 | D:7      | 8076 ||| INVOKING Heroism.
  8087 | D:7      | 8087 ||| Stepping ~*~*~tactically~*~*~ (stealth).
  8145 | D:7      | 8145 ||| Stepping ~*~*~tactically~*~*~ (stealth).
  8146 | D:7      | 8146 ||| Stepping ~*~*~tactically~*~*~ (stealth).
  8149 | D:7      | 8149 ||| Stepping ~*~*~tactically~*~*~ (stealth).
  8154 | D:7      | 8154 ||| Stepping ~*~*~tactically~*~*~ (stealth).
  8159 | D:7      | Reached XP level 10. HP: 59/59 MP: 14/14
  8493 | D:7      | 8493 ||| UPGRADING to ring of protection from fire.
  8544 | D:8      | 8544 ||| Stepping ~*~*~tactically~*~*~ (stealth).
  8545 | D:8      | Identified the +12 whip of Amorality {freeze, *Rage rC+
                  | Int+6}
  8546 | D:8      | 8546 ||| Stepping ~*~*~tactically~*~*~ (hiding).
  8556 | D:8      | 8556 ||| INVOKING Heroism.
  8561 | D:8      | HP: 13/54 [orc warrior/+0 hand axe (9)]
  8562 | D:8      | 8562 ||| READING 4 scrolls of teleportation.
  8563 | D:8      | 8563 ||| DRINKING 3 potions of heal wounds.
  8566 | D:8      | 8566 ||| DRINKING 2 potions of heal wounds.
  8566 | D:8      | Noticed a two-headed ogre
  8571 | D:8      | HP: 8/54 [two-headed ogre/+0 giant club (13)]
  8572 | D:8      | 8572 ||| READING 3 scrolls of teleportation.
  8572 | D:8      | HP: 2/54 [wyvern (6)]
  8573 | D:8      | 8573 ||| DRINKING potion of heal wounds.
  8574 | D:8      | Killed a two-headed ogre
  8574 | D:8      | Reached ** piety under Okawaru
  8575 | D:8      | Reached skill level 12 in Axes
  8816 | D:8      | Noticed Gastronok
  8817 | D:8      | 8817 ||| Stepping ~*~*~tactically~*~*~ (hiding).
  8819 | D:8      | 8819 ||| Stepping ~*~*~tactically~*~*~ (hiding).
  8826 | D:8      | 8826 ||| INVOKING Heroism.
  8842 | D:8      | Killed Gastronok
  8842 | D:8      | Reached *** piety under Okawaru
  8849 | D:8      | 8849 ||| INVOKING Heroism.
  8854 | D:8      | HP: 13/63 [hornet (10)]
  8855 | D:8      | 8855 ||| READING 2 scrolls of teleportation.
  8861 | D:8      | 8861 ||| INVOKING Heroism.
  8862 | D:8      | 8862 ||| READING scroll of teleportation.
  8864 | D:8      | Found a stormy altar of Qazlal.
  9116 | D:8      | Noticed Prince Ribbit
  9121 | D:8      | 9121 ||| INVOKING Heroism.
  9123 | D:8      | Killed Prince Ribbit
  9225 | D:8      | 9225 ||| Stepping ~*~*~tactically~*~*~ (hiding).
  9389 | D:8      | Noticed Psyche
  9390 | D:8      | 9390 ||| INVOKING Heroism.
  9402 | D:8      | 9402 ||| DRINKING 7 potions of curing.
  9402 | D:8      | 9402 ||| (to cure confusion)
  9407 | D:8      | Killed Psyche
  9408 | D:8      | Reached skill level 13 in Axes
  9491 | D:8      | 9491 ||| Stepping ~*~*~tactically~*~*~ (stealth).
  9494 | D:8      | 9494 ||| Stepping ~*~*~tactically~*~*~ (stealth).
  9496 | D:8      | 9496 ||| INVOKING Heroism.
 10076 | D:8      | 10076 ||| INVOKING Heroism.
 10089 | D:8      | Reached skill level 3 in Throwing
 10089 | D:8      | 10089 ||| Stepping ~*~*~tactically~*~*~ (hiding).
 10099 | D:8      | Reached XP level 11. HP: 39/67 MP: 15/15
 10290 | D:8      | 10290 ||| SWAPPING to +0 war axe of flaming.
 10291 | D:8      | 10291 ||| DROPPING +0 war axe.
 10292 | D:8      | 10292 ||| DROPPING +0 hand axe of flaming.
 10383 | D:8      | 10383 ||| INVOKING Heroism.
 10439 | D:8      | 10439 ||| Stepping ~*~*~tactically~*~*~ (hiding).
 10444 | D:8      | 10444 ||| Stepping ~*~*~tactically~*~*~ (hiding).
 10451 | D:8      | 10451 ||| INVOKING Heroism.
 10627 | D:8      | 10627 ||| UPGRADING to +0 tower shield.
 10637 | D:8      | 10637 ||| DROPPING +0 buckler.
 10638 | D:8      | 10638 ||| UPGRADING to +2 pair of gloves of stealth.
 10648 | D:8      | 10648 ||| DROPPING +1 pair of gloves.
 10719 | D:9      | 10719 ||| INVOKING Heroism.
 10746 | D:9      | 10746 ||| FLEEEEING.
 10747 | D:9      | 10747 ||| FLEEEEING.
 10748 | D:9      | 10748 ||| FLEEEEING.
 10749 | D:9      | 10749 ||| FLEEEEING.
 10750 | D:9      | 10750 ||| FLEEEEING.
 10751 | D:9      | 10751 ||| STAIRDANCE
 10763 | D:9      | 10763 ||| INVOKING Heroism.
 10812 | D:9      | 10812 ||| Stepping ~*~*~tactically~*~*~ (stealth).
 10814 | D:9      | 10814 ||| Stepping ~*~*~tactically~*~*~ (stealth).
 10817 | D:9      | 10817 ||| Stepping ~*~*~tactically~*~*~ (stealth).
 10819 | D:9      | 10819 ||| Stepping ~*~*~tactically~*~*~ (stealth).
 10820 | D:9      | 10820 ||| Stepping ~*~*~tactically~*~*~ (stealth).
 10922 | D:9      | 10922 ||| Stepping ~*~*~tactically~*~*~ (hiding).
 10924 | D:9      | 10924 ||| Stepping ~*~*~tactically~*~*~ (stealth).
 10927 | D:9      | 10927 ||| INVOKING Heroism.
 11010 | D:9      | 11010 ||| Stepping ~*~*~tactically~*~*~ (hiding).
 11016 | D:9      | 11016 ||| INVOKING Heroism.
 11092 | D:9      | Reached **** piety under Okawaru
 11093 | D:9      | Reached skill level 6 in Shields
 11104 | D:9      | 11104 ||| Stepping ~*~*~tactically~*~*~ (stealth).
 11172 | D:9      | Found a viscous altar of Jiyva.
 11345 | D:9      | 11345 ||| READING 3 scrolls of enchant armour.
 11345 | D:9      | 11345 ||| ENCHANTING +0 cloak.
 11346 | D:9      | 11346 ||| READING 2 scrolls of enchant armour.
 11346 | D:9      | 11346 ||| ENCHANTING +1 cloak.
 11531 | D:9      | 11531 ||| UPGRADING to ring of see invisible.
 11533 | D:9      | 11533 ||| READING scroll labelled PAYSOMACOH.
 11534 | D:9      | 11534 ||| READING scroll labelled TEZOLA GIMASO.
 11685 | D:9      | 11685 ||| READING scroll labelled TANTIPEPPY.
 11716 | D:10     | Entered Level 10 of the Dungeon
 11735 | D:10     | Noticed a cyclops
 11736 | D:10     | 11736 ||| INVOKING Heroism.
 11742 | D:10     | Killed a cyclops
 11965 | D:10     | 11965 ||| READING scroll of enchant weapon.
 11965 | D:10     | 11965 ||| ENCHANTING +0 war axe of flaming.
 11989 | D:10     | 11989 ||| Stepping ~*~*~tactically~*~*~ (hiding).
 12075 | D:10     | 12075 ||| Stepping ~*~*~tactically~*~*~ (hiding).
 12077 | D:10     | 12077 ||| Stepping ~*~*~tactically~*~*~ (hiding).
 12082 | D:10     | 12082 ||| DRINKING 7 potions of curing.
 12082 | D:10     | 12082 ||| (to cure confusion)
 12134 | D:10     | Found a basalt altar of Yredelemnul.
 12249 | D:10     | Found a staircase to the Orcish Mines.
 12278 | D:10     | 12278 ||| DROPPING ring of wizardry.
 12279 | D:10     | 12279 ||| READING 4 scrolls of identify.
 12279 | D:10     | 12279 ||| IDENTIFYING murky orange potion
 12280 | D:10     | 12280 ||| READING 3 scrolls of identify.
 12280 | D:10     | 12280 ||| IDENTIFYING purple potion
 12281 | D:10     | 12281 ||| READING 2 scrolls of identify.
 12281 | D:10     | 12281 ||| IDENTIFYING emerald potion
 12282 | D:10     | 12282 ||| DROPPING potion of berserk rage.
 12283 | D:10     | 12283 ||| DROPPING potion of ambrosia.
 12305 | D:11     | 12305 ||| INVOKING Heroism.
 12312 | D:11     | 12312 ||| Stepping ~*~*~tactically~*~*~ (hiding).
 12353 | D:11     | 12353 ||| READING scroll of brand weapon.
 12353 | D:11     | 12353 ||| BRANDING +1 war axe of flaming.
 12356 | D:11     | 12356 ||| DROPPING +0 club.
 12396 | D:11     | Noticed a tengu warrior
 12397 | D:11     | 12397 ||| Stepping ~*~*~tactically~*~*~ (hiding).
 12398 | D:11     | 12398 ||| Stepping ~*~*~tactically~*~*~ (hiding).
 12409 | D:11     | 12409 ||| INVOKING Heroism.
 12413 | D:11     | Killed a tengu warrior
 12609 | D:11     | Noticed an oklob plant
 12610 | D:11     | 12610 ||| INVOKING Heroism.
 12612 | D:11     | Found a staircase to the Lair.
 12613 | D:11     | Noticed an oklob plant
 12615 | D:11     | Noticed an oklob plant
 12620 | D:11     | Killed an oklob plant
 12622 | D:11     | Killed an oklob plant
 12622 | D:11     | Reached ***** piety under Okawaru
 12623 | D:11     | Reached skill level 6 in Invocations
 12623 | D:11     | 12623 ||| INVOKING Finesse.
 12630 | D:11     | Killed an oklob plant
 12862 | D:11     | 12862 ||| Stepping ~*~*~tactically~*~*~ (stealth).
 12865 | D:11     | 12865 ||| INVOKING Heroism.
 12994 | D:11     | 12994 ||| READING scroll of enchant weapon.
 12994 | D:11     | 12994 ||| ENCHANTING +1 war axe of electrocution.
 13056 | D:11     | Noticed a manticore
 13057 | D:11     | 13057 ||| INVOKING Heroism.
 13062 | D:11     | Killed a manticore
 13271 | D:11     | Noticed a boulder beetle
 13272 | D:11     | 13272 ||| INVOKING Heroism.
 13273 | D:11     | 13273 ||| INVOKING Finesse.
 13274 | D:11     | 13274 ||| INVOKING Finesse.
 13286 | D:11     | Killed a boulder beetle
 13286 | D:11     | Received a gift from Okawaru
 13287 | D:11     | Reached XP level 12. HP: 72/72 MP: 11/18
 13347 | D:11     | Noticed a two-headed ogre
 13351 | D:11     | 13351 ||| INVOKING Heroism.
 13354 | D:11     | Killed a two-headed ogre
 13489 | D:11     | 13489 ||| Stepping ~*~*~tactically~*~*~ (hiding).
 13535 | D:11     | 13535 ||| READING scroll of enchant weapon.
 13535 | D:11     | 13535 ||| ENCHANTING +2 war axe of electrocution.
 13554 | D:11     | Reached skill level 9 in Shields
 13595 | D:11     | Noticed a boulder beetle
 13596 | D:11     | 13596 ||| INVOKING Heroism.
 13597 | D:11     | 13597 ||| INVOKING Finesse.
 13610 | D:11     | Killed a boulder beetle
 13854 | D:11     | 13854 ||| PLANNING LAIR
 13854 | D:11     | 13854 ||| UPGRADING to +0 plate armour.
 13864 | D:11     | 13864 ||| DROPPING +0 chain mail.
 13865 | D:11     | 13865 ||| READING scroll of enchant armour.
 13865 | D:11     | 13865 ||| ENCHANTING +0 plate armour.
 13866 | D:11     | 13866 ||| UPGRADING to amulet of reflection.
 13933 | Lair:1   | Entered Level 1 of the Lair of Beasts
 13972 | Lair:1   | 13972 ||| INVOKING Heroism.
 13984 | Lair:1   | HP: 17/72 [basilisk (3)]
 13987 | Lair:1   | HP: 6/72 [electric eel/bolt of electricity (3)]
 13988 | Lair:1   | Slain by a basilisk

Levels and vault maps discovered:
D:1:      minmay_arrival_nine_rooms, layout_basic, serial_shops,
          nicolae_shop_waterfront, nicolae_eternal_life
D:2:      layout_basic, ebering_ecumenical_altar_hall, grunt_ministairs_4
D:3:      layout_loops_cross, nicolae_ru_awakened_eye,
          cheibrodos_sewer_entry_sluice
D:4:      layout_basic, nicolae_overflow_hidden_temple, old_standard_altar,
          corexii_item_surrounded_by_moat, uniq_eustachio
D:5:      layout_basic, serial_shops, kennysheep_mini_moat, minmay_hedge_maze
D:6:      layout_gridville, minmay_temple_entry_nine_rooms, uniq_sigmund
D:7:      layout_loops_corners, enter_ossuary_4, minmay_nine_imps
D:8:      layout_basic, lemuel_crystal_altar, serial_bayou_crossing,
          uniq_gastronok, uniq_psyche, uniq_prince_ribbit1
D:9:      layout_long_grid, jiyva_altar_1
D:10:     layout_gridville, old_standard_altar, orc_0_dummy
D:11:     kennysheep_six_static_rooms, layout_basic, dpeg_oklobed_lair
Temple:   nicolae_temple_bog_church
Lair:1:   layout_long_grid, basic_altar, disabler_island, grunt_megastairs_2

Skill      XL: |  1  2  3  4  5  6  7  8  9 10 11 12 |
---------------+-------------------------------------+-----
Axes           | 3 4 5 6 7 9 10 11 13 | 13.0
Armour         | 2 4 5 |  5.4
Fighting       | 3 4 5 7 |  7.3
Shields        | 3 8 9 |  9.2
Dodging        | 3 |  3.0
Invocations    | 3 4 7 |  7.8
Throwing       | 3 |  3.1
Spellcasting   | |  2.0
Translocations | |  2.4

Action                   |  1- 3 |  4- 6 |  7- 9 | 10-12 || total
-------------------------+-------+-------+-------+-------++-------
Melee: Hand axe          |    83 |    80 |   302 |       ||   465
       Kick              |    14 |    18 |   110 |   110 ||   252
       Peck              |     8 |     9 |    67 |    50 ||   134
       Punch             |       |     1 |     1 |       ||     2
       War axe           |       |       |    22 |   288 ||   310
Throw: Boomerang         |    25 |    34 |    55 |    23 ||   137
       Javelin           |       |       |       |    23 ||    23
Invok: Heroism           |       |       |     2 |    24 ||    26
       Finesse           |       |       |       |     3 ||     3
  Use: Scroll            |     6 |     3 |     6 |    17 ||    32
       Potion            |     3 |     2 |     3 |     5 ||    13
Armor: Leather armour    |    14 |       |       |       ||    14
       Ring mail         |    21 |       |       |       ||    21
       Chain mail        |     1 |    53 |   114 |   111 ||   279
       Plate armour      |       |       |       |     7 ||     7
Dodge: Dodged            |    40 |    21 |    76 |    79 ||   216
Block: Buckler           |       |       |    24 |    24 ||    48
       Tower shield      |       |       |       |   124 ||   124

Table legend:
 A = Non-vault XP
 B = Vault XP
 C = Vault XP percentage of total XP
 D = Non-vault monster count
 E = Vault monster count
 F = Vault count percentage of total count
                 A         B        C        D         E       F
            +---------+---------+-------+---------+---------+-------
      Total |   12891 |    8673 |  40.2 |     221 |     104 |  32.0
            +---------+---------+-------+---------+---------+-------
        D:1 |      27 |       0 |   0.0 |      15 |       0 |   0.0
        D:2 |      39 |       4 |   9.3 |      15 |       2 |  11.8
        D:3 |      27 |      18 |  40.0 |      11 |       2 |  15.4
        D:4 |     296 |     191 |  39.2 |      23 |       1 |   4.2
        D:5 |     445 |       0 |   0.0 |      17 |       0 |   0.0
        D:6 |    1151 |     231 |  16.7 |      16 |       1 |   5.9
        D:7 |    1115 |     285 |  20.4 |      26 |      11 |  29.7
        D:8 |    2733 |    2221 |  44.8 |      41 |       3 |   6.8
        D:9 |    1874 |     171 |   8.4 |      22 |       4 |  15.4
       D:10 |    1034 |       0 |   0.0 |      11 |       0 |   0.0
       D:11 |    4060 |    4581 |  53.0 |      23 |       9 |  28.1
     Lair:1 |      90 |     106 |  54.1 |       1 |       2 |  66.7
      Sewer |       0 |     232 | 100.0 |       0 |      29 | 100.0
    Ossuary |       0 |     633 | 100.0 |       0 |      40 | 100.0
            +---------+---------+-------+---------+---------+-------
